AoeStats
← Dezzors

Arabia

510363077Analyzed
2v2 RM · 1d ago on Sep 30, 2026· 54m 3s· 4 players
Game mode
Random Map
Map size
Medium (4 player)
Population
200
Speed
Normal
Resources
Standard
Victory
Conquest
Starting age
Dark Age
Ending age
Imperial Age
RankedLock teamsTeams togetherTeam positionsShared explorationLock speedFull tech treeHidden civsTurbo modeCheats
Victory
Defeat
🇩🇪 Burgundians · Germany
881
+15
🇩🇪 Britons · Germany
845
+15
🇫🇷 Goths · France
875
-43
🇫🇷 Goths · France
826
-14
mohali amad
2:19 Loom
12:41 Feudal Age
13:14 Town Watch
13:01 Man-at-Arms
16:05 Scale Mail Armor
19:58 Forging
26:10 Bloodlines
29:15 Castle Age
29:09 Town Watch
30:39 Iron Casting
30:20 Chain Mail Armor
29:36 Long Swordsman
31:34 Wheelbarrow
31:37 Scale Barding Armor
35:29 Hand Cart
40:15 Husbandry
42:49 Squires
42:10 Pikeman
53:57 Town Patrol
Dezzors
3:25 Loom
15:46 Feudal Age
17:21 Wheelbarrow
18:27 Man-at-Arms
24:34 Scale Mail Armor
24:53 Forging
27:31 Castle Age
31:03 Chain Mail Armor
31:25 Iron Casting
33:01 Long Swordsman
36:07 Hand Cart
37:25 Anarchy
49:50 Anarchy
Big Tasty Tester
0:38 Loom
10:10 Feudal Age
11:03 Double-Bit Axe
17:54 Fletching
18:05 Padded Archer Armor
27:17 Castle Age
27:25 Crossbowman
28:03 Bodkin Arrow
28:24 Leather Archer Armor
35:07 Imperial Age
32:45 Elite Skirmisher
36:39 Arbalester
40:16 Ballistics
39:52 Murder Holes
43:04 Bracer
43:35 Ring Archer Armor
51:26 Conscription
50:52 Capped Ram
53:59 Yeomen
a.bulle95
6:04 Loom
11:17 Feudal Age
31:26 Forging
33:21 Castle Age
36:33 Light Cavalry
37:14 Husbandry
39:17 Scale Barding Armor
47:20 Iron Casting
Connection lost

Rejoining the realm…

Still unreachable

The connection could not be restored.

Session expired

The server has moved on; the page needs a fresh start.